 Dungeon Crawl Stone Soup version 0.21.1-1-g345015f (webtiles) character file.

28 tidbits the Charmwright (level 3, -2/31 HPs)
             Began as a Gnoll Skald on June 29, 2018.
             Killed by nerve-wracking pain
             ... invoked by Grinder
              (14 damage)
             ... on level 3 of the Dungeon.
             The game lasted 00:03:19 (346 turns).

tidbits the Charmwright (Gnoll Skald)                Turns: 346, Time: 00:03:20

Health: -2/31      AC:  3    Str: 13    XL:     3   Next: 14%
Magic:  6/9        EV: 14    Int: 16    God:
Gold:   9          SH:  0    Dex: 18    Spells: 1/12 levels left

rFire    . . .     SeeInvis .   a - +0 hand axe
rCold    . . .     Gourm    .   (no shield)
rNeg     . . .     Faith    .   b - +0 leather armour
rPois    .         Spirit   .   (no helmet)
rElec    .         Reflect  .   (no cloak)
rCorr    .         Harm     .   (no gloves)
MR       .....                  (no boots)
Stlth    ++........             (no amulet)
HPRegen  0.10/turn              j - +4 ring of dexterity
MPRegen  0.11/turn              (no ring)

@: no status effects
A: distributed training, fangs 1, strong nose
a: no special abilities


You were on level 3 of the Dungeon.
You were not hungry.

You visited 1 branch of the dungeon, and saw 3 of its levels.

You collected 9 gold pieces.

Inventory:

Hand Weapons
 a - a +0 hand axe (weapon)
 k - a +1 dagger of venom
   (You found it on level 2 of the Dungeon)
Armour
 b - a +0 leather armour (worn)
Jewellery
 j - a +4 ring of dexterity (left hand)
   (You found it on level 2 of the Dungeon)
Scrolls
 e - a scroll of remove curse
 i - 2 scrolls of enchant armour {unknown}
Potions
 f - a potion of curing {unknown}
 g - a potion of ambrosia {unknown}
 h - a potion of haste {unknown}
Books
 c - a book of Battle

   Spells                             Type                      Level
   a - Infusion                       Charms                       1
   b - Shroud of Golubria             Charms/Translocation         2
   c - Song of Slaying                Charms                       2
   d - Spectral Weapon                Hexes/Charms                 3
   e - Regeneration                   Charms/Necromancy            3
Comestibles
 d - 4 rations


   Skills:
 + Level 4.5 Fighting
 + Level 0.6 Short Blades
 + Level 0.6 Long Blades
 + Level 4.5 Axes
 + Level 0.6 Maces & Flails
 + Level 0.6 Polearms
 + Level 0.6 Staves
 + Level 0.6 Slings
 + Level 0.6 Bows
 + Level 0.6 Crossbows
 + Level 0.6 Throwing
 + Level 2.5 Armour
 + Level 4.5 Dodging
 + Level 0.6 Stealth
 + Level 0.6 Shields
 + Level 0.6 Unarmed Combat
 + Level 5.0 Spellcasting
 + Level 0.4 Conjurations
 + Level 0.4 Hexes
 + Level 5.4 Charms
 + Level 0.4 Summonings
 + Level 0.4 Necromancy
 + Level 0.4 Translocations
 + Level 0.4 Transmutations
 + Level 0.4 Fire Magic
 + Level 0.4 Ice Magic
 + Level 0.4 Air Magic
 + Level 0.4 Earth Magic
 + Level 0.4 Poison Magic
 + Level 0.8 Invocations
 + Level 0.6 Evocations


You had one spell level left.
You knew the following spells:

 Your Spells              Type           Power        Failure   Level  Hunger
g - Shroud of Golubria    Chrm/Tloc      ##........   9%          2    #......
i - Infusion              Chrm           ###.         1%          1    None
r - Regeneration          Chrm/Necr      ##........   17%         3    ###....
w - Spectral Weapon       Hex/Chrm       ##......     17%         3    ###....
y - Song of Slaying       Chrm           ###.....     3%          2    #......


Dungeon Overview and Level Annotations

Branches:
Dungeon (3/15)

Altars:
Fedhas
Okawaru

Annotations:
D:3 Grinder


Innate Abilities, Weirdness & Mutations

Your experience applies equally to all skills.
You have very sharp teeth.
Your uncanny sense of smell can sniff out nearby items.


Message History

The kobold shouts!
The kobold throws a stone.
The stone hits you but does no damage.
You see here a stone.
The kobold throws a stone.
The stone completely misses you.
You see here a stone.
The kobold throws a stone.
The stone hits you but does no damage.
You see here a stone.
The kobold throws a stone.
The stone misses you.
You see here a stone.
Found 9 gold pieces.
A kobold comes into view. It is wielding a short sword.
The kobold shouts!
You see here 9 gold pieces.
Casting: Regeneration
Confirm with . or Enter, or press ? or * to list all spells.
You start singing a song of slaying.
The kobold hits you with a short sword.
You hit the kobold.
The kobold is severely wounded.
The kobold hits you with a short sword. The kobold hits you but does no damage.
You hit the kobold.
You kill the kobold!
Things that are here:
a short sword; a kobold corpse You hit the kobold.
The kobold is severely wounded.
The kobold closely misses you.
You hit the kobold.
You kill the kobold!
Things that are here:
an enchanted whip; 9 gold pieces You now have 9 gold pieces.
Things that are here:
a short sword; a kobold corpse You hear an angry hiss.
A frilled lizard comes into view.
The frilled lizard hisses angrily.
The frilled lizard completely misses you.
You hit the frilled lizard.
You kill the frilled lizard!
Your Spellcasting skill increases to level 5!
Your song is almost over.
Your song has ended.
A kobold comes into view.
The kobold shouts!
The kobold moves out of view.
A bat comes into view.
Casting: Song of Slaying
Confirm with . or Enter, or press ? or * to list all spells.
You start singing a song of slaying.
The bat completely misses you.
Unknown command.
You barely miss the bat. The bat barely misses you. The bat misses you.
The bat hits you.
Found a runed dagger.
Unknown command.
You miss the kobold. The kobold hits you but does no damage.
You hit the kobold.
You kill the kobold!
The bat closely misses you. The bat hits you but does no damage.
You barely miss the bat. You bite the bat, but do no damage.
The bat hits you but does no damage. The bat hits you.
You see here a runed dagger.
You slash the bat!
You kill the bat!
k - a runed dagger
Found a robe.
Your song is almost over.
Your song has ended.
Found a stone staircase leading down.
Found a ration.
There is a stone staircase leading down here.
You climb downwards.
A goblin and Grinder come into view.
Found a scroll of identify.
There is a stone staircase leading up here.
Casting: Song of Slaying
Confirm with . or Enter, or press ? or * to list all spells.
You draw out your weapon's spirit!
Grinder shouts!
The goblin shouts!
Grinder gestures at you.
You suddenly lose the ability to move!
Grinder says, "There's only one good use for a tongue: cutting it out."
The goblin barely misses you. The goblin hits you but does no damage.
Grinder gestures at you. You resist with significant effort.
The goblin hits you with a club. Grinder hits you.
You writhe in agony.
* * * LOW HITPOINT WARNING * * *
The goblin barely misses you. Grinder hits you but does no damage.
You can move again.
You slash Grinder!
Grinder is lightly wounded.
You closely miss the goblin.
Your spectral weapon hits Grinder.
The goblin hits you with a club.
* * * LOW HITPOINT WARNING * * *
Grinder gestures at you. Pain shoots through your body!
You die...

### ##.##
##.g.##
#?.@..#
#.....(5....#
#.###.....#.#
##...## #
##.## ###


You could see Grinder, a goblin and a friendly spectral hand axe.

Vanquished Creatures
  2 worms (D:2)
  A leopard gecko (D:2)
  3 bats (D:2)
  5 giant cockroaches (D:2)
  A hobgoblin (D:2)
  2 frilled lizards (D:2)
  2 goblins (D:2)
  4 kobolds (D:2)
  A rat (D:2)
21 creatures vanquished.

Notes
Turn   | Place    | Note
-------+----------+-------------------------------------------
     0 | D:1      | tidbits the Gnoll Skald began the quest for the Orb.
     0 | D:1      | Reached XP level 1. HP: 20/20 MP: 6/6
    95 | D:2      | Reached XP level 2. HP: 19/26 MP: 0/7
   101 | D:2      | Learned a level 2 spell: Song of Slaying
   104 | D:2      | Learned a level 2 spell: Shroud of Golubria
   185 | D:2      | Found an iron altar of Okawaru.
   235 | D:2      | Reached XP level 3. HP: 24/31 MP: 7/9
   240 | D:2      | Learned a level 3 spell: Regeneration
   245 | D:2      | Learned a level 3 spell: Spectral Weapon
   248 | D:2      | Found a blossoming altar of Fedhas.
   291 | D:2      | Reached skill level 5 in Spellcasting
   339 | D:3      | Noticed Grinder
   340 | D:3      | Paralysed by Grinder for 6 turns
   346 | D:3      | Killed from afar by Grinder

Skill      XL: |  1  2  3 |
---------------+----------+-----
Spellcasting   | 5 |  5.0
Fighting       | |  4.5
Short Blades   | |  0.6
Long Blades    | |  0.6
Axes           | |  4.5
Maces & Flails | |  0.6
Polearms       | |  0.6
Staves         | |  0.6
Slings         | |  0.6
Bows           | |  0.6
Crossbows      | |  0.6
Throwing       | |  0.6
Armour         | |  2.5
Dodging        | |  4.5
Stealth        | |  0.6
Shields        | |  0.6
Unarmed Combat | |  0.6
Conjurations   | |  0.4
Hexes          | |  0.4
Charms         | |  5.4
Summonings     | |  0.4
Necromancy     | |  0.4
Translocations | |  0.4
Transmutations | |  0.4
Fire Magic     | |  0.4
Ice Magic      | |  0.4
Air Magic      | |  0.4
Earth Magic    | |  0.4
Poison Magic   | |  0.4
Invocations    | |  0.8
Evocations     | |  0.6

Action                   || total
-------------------------++-------
Melee: Hand axe          ||    52
       Bite              ||     2
 Cast: Infusion          ||     3
       Song of Slaying   ||     4
       Regeneration      ||     1
       Spectral Weapon   ||     1
  Use: Scroll            ||     1
Armor: Leather armour    ||    12
Dodge: Dodged            ||    34

Table legend:
 A = Turns spent in this place as a percentage of turns spent in the entire game.
 B = Non-inter-level travel turns spent in this place as a percentage of non-inter-level travel turns spent in the entire game.
 C = Inter-level travel turns spent in this place as a percentage of turns spent in this place.
 D = Turns resting spent in this place as a percentage of non-inter-level travel turns spent in this place.
 E = Turns spent auto-exploring this place as a percentage of non-inter-level travel turns spent in this place.
 F = Non-inter-level travel turns spent in this place divided by the number of levels of this place that you've seen.
                   A       B       C       D       E      F
               +-------+-------+-------+-------+-------+----------------------
         Total | 100.0 | 100.0 |   0.0 |   0.0 |   0.0 | 115.3
       Dungeon | 100.0 | 100.0 |   0.0 |   0.0 |   0.0 | 115.3
               +-------+-------+-------+-------+-------+----------------------

Table legend:
 A = Kills in this place as a percentage of kills in entire the game.
 B = Kills by you in this place as a percentage of kills by you in the entire game.
 C = Kills by friends in this place as a percentage of kills by friends in the entire game.
 D = Other kills in this place as a percentage of other kills in the entire game.
 E = Experience gained in this place as a percentage of experience gained in the entire game.
 F = Experience gained in this place divided by the number of levels of this place that you have seen.
                   A       B       C       D       E      F
               +-------+-------+-------+-------+-------+----------------------
         Total | 100.0 | 100.0 |   N/A |   N/A | 100.0 |  13.7
       Dungeon | 100.0 | 100.0 |   N/A |   N/A | 100.0 |  13.7
               +-------+-------+-------+-------+-------+----------------------

Vault maps used:
D:1:      scummos_arrival_simple_crosswalls
D:2:      lemuel_crystal_altar, okawaru_gym_becter
D:3:      cheibrodos_fertilizer, kennysheep_slug_shrine, uniq_grinder,
          uniq_sigmund, uniq_robin
